Wild vs Stars
(R1)
Created - 24 novembre 2013 at 19:18
Goals
|
| Wild |
1 |
1 |
3 |
5 |
| Stars |
0 |
2 |
2 |
4 |
|
Shots
|
| Wild |
10 |
17 |
13 |
40 |
| Stars |
7 |
11 |
12 |
30 |
|
1st period
1. Wild , Alexei Kovalev 13 (Mike Green, Chris Drury) at 6:45 (PP)
Penalties :
Alexei Kovalev (Min) for Holding (Minor) at 1:17, Shane Doan (Dal) for Hooking (Minor) at 6:07, Alexei Kovalev (Min) for Interference (Minor) at 6:58, Brian Pothier (Dal) for Hooking (Minor) at 11:27, Jozef Stumpel (Min) for Roughing (Minor) at 11:27, Nathan Dempsey (Min) for Hooking (Minor) at 17:20
2nd period
2. Stars , Alexei Morozov 10 (David Legwand) at 1:31
3. Wild , Vaclav Prospal 5 (R.J. Umberger, Brian Rolston) at 13:59 (PP)
4. Stars , Patrik Elias 5 (Alexei Morozov, David Legwand) at 14:51
Penalties :
Patrik Elias (Dal) for Roughing (Minor) at 4:35, R.J. Umberger (Min) for Slashing (Minor) at 4:35, Antoine Vermette (Dal) for Tripping (Minor) at 11:30, Brian Pothier (Dal) for Holding (Minor) at 13:55, Michael Rupp (Dal) for High sticking (Minor) at 15:40, Jozef Stumpel (Min) for Tripping (Minor) at 18:35
3rd period
5. Wild , Glen Metropolit 5 (Mike Green, Nathan Dempsey) at 1:14
6. Stars , Matthew Spiller 1 (Alexei Morozov, Patrik Elias) at 1:23
7. Wild , Shane Hnidy 1 (Alexei Kovalev, Chris Drury) at 2:42 (PP)
8. Stars , Cory Stillman 7 (Matthew Spiller) at 4:55 (PP)
9. Wild , Glen Metropolit 6 (Fredrik Modin, Mark Eaton) at 7:03
Penalties :
David Legwand (Dal) for Fighting (Major) at 1:32, Nathan Dempsey (Min) for Fighting (Major) at 1:32, Antoine Vermette (Dal) for Hooking (Minor) at 1:55, Shane Hnidy (Min) for Hooking (Minor) at 4:10, Patrik Elias (Dal) for Hooking (Minor) at 18:18
Goalie Stats
Julien Ellis (Min), 26 saves from 30 shots - (0,867), W, 4-0-1, 60:00 minutes
Pascal Leclaire (Dal), 35 saves from 40 shots - (0,875), L, 8-5-0, 60:00 minutes
Players Stats for Wild
Player Name G A P +/- PIM S H SB GA TA FO MP PP MP PK MP
------------------------------------------------------------------------------------
Alexei Kovalev 1 1 2 -1 4 9 1 1 1 1 0/1 18:28 4:55 0:39
Anson Carter 0 0 0 0 0 2 1 0 0 0 0/0 11:30 0:00 3:00
Brian Rolston 0 1 1 -2 0 3 1 0 0 0 1/2 14:12 2:13 0:00
Chris Drury 0 2 2 -1 0 1 1 0 0 1 24/42 25:32 4:55 5:10
Chris Higgins 0 0 0 0 0 5 0 0 1 1 0/2 13:19 0:00 1:43
Fredrik Modin 0 1 1 2 0 2 0 0 0 0 0/0 6:25 0:00 0:19
Glen Metropolit 2 0 2 2 0 2 0 0 0 0 2/4 6:30 0:00 0:24
Jonathan Rheault 0 0 0 2 0 0 0 0 0 0 0/0 6:06 0:00 0:00
Jozef Stumpel 0 0 0 -1 4 1 2 1 0 0 1/2 22:41 4:55 3:48
Mark Eaton 0 1 1 0 0 0 1 5 0 0 0/0 21:40 1:44 3:47
Mike Green 0 2 2 -1 0 5 2 1 0 1 0/0 30:15 5:15 4:54
Nathan Dempsey 0 1 1 -1 7 0 0 1 1 1 0/0 25:38 4:28 3:21
Niclas Wallin 0 0 0 0 0 1 1 1 0 0 0/0 21:40 1:44 3:47
R.J. Umberger 0 1 1 -2 2 3 3 1 0 0 0/0 15:00 2:13 0:00
Rod Brind'Amour 0 0 0 0 0 3 1 0 0 0 4/7 9:56 0:00 0:00
Shane Hnidy 1 0 1 0 2 1 0 0 0 1 0/0 11:29 0:56 0:00
Vaclav Prospal 1 0 1 -2 0 2 4 1 0 1 7/14 17:34 2:13 2:19
Willie Mitchell 0 0 0 0 0 0 1 2 0 1 0/0 9:18 0:09 1:33
Players Stats for Stars
Player Name G A P +/- PIM S H SB GA TA FO MP PP MP PK MP
------------------------------------------------------------------------------------
Alexei Morozov 1 2 3 3 0 2 0 1 2 0 1/1 22:20 5:00 0:00
Antoine Vermette 0 0 0 0 4 1 1 0 0 0 10/16 18:43 4:05 1:07
Brendan Bell 0 0 0 0 0 0 1 0 0 0 0/0 17:59 4:03 2:27
Brian Gionta 0 0 0 -2 0 1 0 0 0 0 1/1 9:03 0:06 0:00
Brian Pothier 0 0 0 -1 4 1 0 2 0 1 0/0 15:46 4:03 0:00
Cory Stillman 1 0 1 -2 0 4 2 0 1 0 2/2 19:15 5:04 4:30
David Legwand 0 2 2 3 5 1 4 3 1 0 14/30 19:53 4:31 0:34
Francis Bouillon 0 0 0 -1 0 1 1 3 0 0 0/0 17:06 0:00 2:27
Jan Hlavac 0 0 0 0 0 3 1 1 0 1 0/0 8:15 0:02 1:32
Marty Reasoner 0 0 0 0 0 1 1 0 0 0 3/11 10:50 0:02 4:09
Matthew Spiller 1 1 2 2 0 3 0 0 0 1 0/0 30:28 4:38 4:41
Michael Rupp 0 0 0 -2 2 0 0 0 0 0 3/8 9:35 0:00 1:18
Milan Michalek 0 0 0 0 0 2 2 0 0 0 0/0 9:50 0:00 0:00
Patrik Elias 1 1 2 3 4 2 0 0 1 0 1/1 19:01 3:35 0:00
Pavel Kubina 0 0 0 2 0 3 2 0 3 0 0/0 30:20 4:38 4:41
Randy Jones 0 0 0 0 0 0 0 0 0 0 0/0 8:21 0:00 0:00
Scott Walker 0 0 0 0 0 0 0 0 0 0 0/1 4:33 0:00 1:06
Shane Doan 0 0 0 0 2 5 3 1 0 0 0/3 17:27 3:38 0:00
3 Stars
1 - Alexei Morozov (Dal)
2 - Glen Metropolit (Min)
3 - Matthew Spiller (Dal)
Power Play
Wild - 3 on 6 Attempt(s) - 50,00%
Stars - 1 on 5 Attempt(s) - 20,00%
Penalty Kill
Wild - 4 on 5 Attempt(s) - 80,00%
- Score 0 goal in Penalty Kill
Stars - 3 on 6 Attempt(s) - 50,00%
- Score 0 goal in Penalty Kill
Official
Referees : StPierre Justin and Hasenfratz Mike
Linesman : Brad Lazarowich and Scott Cherrey
Game Notes
Scott Walker is injured at 18:30 of 2nd period (Broken Right Foot Toe)
Nathan Dempsey beats up David Legwand at 1:32 of 3rd period
2:42 of 3rd period - Wild goal is going for a video replay. After video review, Goal.
Finance
Level 1 -- Attendance: 4303 (71,72%) -- Ticket Income 430 300 $
Level 2 -- Attendance: 3242 (64,84%) -- Ticket Income 194 520 $
Level 3 -- Attendance: 1421 (71,05%) -- Ticket Income 49 735 $
Level 4 -- Attendance: 3445 (86,13%) -- Ticket Income 68 900 $
Luxury Box -- Attendance: 647 (64,70%) -- Ticket Income 129 400 $
Game was played at the American Airlines Center
Total Attendance: 13058 (72,54%)
Total Ticket Income: 872 855 $
Other Income: 130 928 $
Total Income: 1 003 783 $
Wild
5 vs 5 Forward
Center Left Wing Right Wing Time % Phy DF OF
1 Chris Drury Jozef Stumpel Alexei Kovalev 40 1 2 2
2 Vaclav Prospal R.J. Umberger Brian Rolston 30 1 2 2
3 Rod Brind'Amour Chris Higgins Anson Carter 20 1 2 2
4 Glen Metropolit Fredrik Modin Jonathan Rheault 10 1 2 2
5 vs 5 Defense
Defense Defense Time % Phy DF OF
1 Mike Green Nathan Dempsey 40 1 2 2
2 Mark Eaton Niclas Wallin 30 1 2 2
3 Shane Hnidy Willie Mitchell 20 1 2 2
4 Mike Green Nathan Dempsey 10 1 2 2
PowerPlay Forward
Center Left Wing Right Wing Time % Phy DF OF
1 Chris Drury Jozef Stumpel Alexei Kovalev 60 1 2 2
2 Vaclav Prospal R.J. Umberger Brian Rolston 40 1 2 2
PowerPlay Defense
Defense Defense Time % Phy DF OF
1 Mike Green Nathan Dempsey 60 1 2 2
2 Mark Eaton Niclas Wallin 40 1 2 2
Penalty Kill 4 Players Forward
Center Wing Time % Phy DF OF
1 Chris Drury Jozef Stumpel 60 1 2 2
2 Vaclav Prospal Alexei Kovalev 40 1 2 2
Penalty Kill 4 Players Defense
Defense Defense Time % Phy DF OF
1 Mike Green Nathan Dempsey 60 1 2 2
2 Mark Eaton Niclas Wallin 40 1 2 2
Penalty Kill - 3 Players Forward
Forward Time % Phy DF OF
1 Chris Drury 60 1 2 2
2 Jozef Stumpel 40 1 2 2
Penalty Kill - 3 Players Defense
Defense Defense Time % Phy DF OF
1 Mike Green Nathan Dempsey 60 1 2 2
2 Mark Eaton Niclas Wallin 40 1 2 2
4 vs 4 Forward
Center Wing Time % Phy DF OF
1 Chris Drury Jozef Stumpel 60 1 2 2
2 Vaclav Prospal Alexei Kovalev 40 1 2 2
4 vs 4 Defense
Defense Defense Time % Phy DF OF
1 Mike Green Nathan Dempsey 60 1 2 2
2 Mark Eaton Niclas Wallin 40 1 2 2
Last Minutes Offensive
Center Left Wing Right Wing Defense Defense
Chris Drury Jozef Stumpel Alexei Kovalev Mike Green Nathan Dempsey
Last Minutes Defensive
Center Left Wing Right Wing Defense Defense
Chris Drury Jozef Stumpel Alexei Kovalev Mike Green Nathan Dempsey
Goaltenders
Starting : Julien Ellis
Backup : Martin Brodeur
Extra Forwards
Normal : Chris Higgins, Rod Brind'Amour, Anson Carter - PP : Chris Higgins, Rod Brind'Amour - PK : Anson Carter
Extra Defensemen
Normal : Shane Hnidy, Willie Mitchell, Mark Eaton - PP : Shane Hnidy - PK : Willie Mitchell, Mark Eaton
Penalty Shots
Chris Drury, Jozef Stumpel, Vaclav Prospal, Alexei Kovalev, R.J. Umberger
Stars
5 vs 5 Forward
Center Left Wing Right Wing Time % Phy DF OF
1 David Legwand Patrik Elias Alexei Morozov 40 1 2 2
2 Antoine Vermette Milan Michalek Shane Doan 30 1 2 2
3 Michael Rupp Cory Stillman Brian Gionta 20 1 2 2
4 Marty Reasoner Jan Hlavac Scott Walker 10 1 2 2
5 vs 5 Defense
Defense Defense Time % Phy DF OF
1 Pavel Kubina Matthew Spiller 40 1 2 2
2 Brian Pothier Francis Bouillon 30 1 2 2
3 Randy Jones Brendan Bell 20 1 2 2
4 Pavel Kubina Matthew Spiller 10 1 2 2
PowerPlay Forward
Center Left Wing Right Wing Time % Phy DF OF
1 David Legwand Cory Stillman Alexei Morozov 60 1 2 2
2 Antoine Vermette Patrik Elias Shane Doan 40 1 2 2
PowerPlay Defense
Defense Defense Time % Phy DF OF
1 Pavel Kubina Matthew Spiller 60 1 2 2
2 Brian Pothier Brendan Bell 40 1 2 2
Penalty Kill 4 Players Forward
Center Wing Time % Phy DF OF
1 Marty Reasoner Cory Stillman 60 1 2 2
2 Michael Rupp Scott Walker 40 1 2 2
Penalty Kill 4 Players Defense
Defense Defense Time % Phy DF OF
1 Pavel Kubina Matthew Spiller 60 1 2 2
2 Brendan Bell Francis Bouillon 40 1 2 2
Penalty Kill - 3 Players Forward
Forward Time % Phy DF OF
1 Marty Reasoner 60 1 2 2
2 David Legwand 40 1 2 2
Penalty Kill - 3 Players Defense
Defense Defense Time % Phy DF OF
1 Pavel Kubina Matthew Spiller 60 1 2 2
2 Brendan Bell Francis Bouillon 40 1 2 2
4 vs 4 Forward
Center Wing Time % Phy DF OF
1 David Legwand Alexei Morozov 60 1 2 2
2 Antoine Vermette Shane Doan 40 1 2 2
4 vs 4 Defense
Defense Defense Time % Phy DF OF
1 Pavel Kubina Matthew Spiller 60 1 2 2
2 Brendan Bell Francis Bouillon 40 1 2 2
Last Minutes Offensive
Center Left Wing Right Wing Defense Defense
David Legwand Patrik Elias Alexei Morozov Pavel Kubina Brian Pothier
Last Minutes Defensive
Center Left Wing Right Wing Defense Defense
Marty Reasoner Cory Stillman Scott Walker Randy Jones Matthew Spiller
Goaltenders
Starting : Pascal Leclaire
Backup : Vesa Toskala
Extra Forwards
Normal : Shane Doan, Antoine Vermette, Patrik Elias - PP : Alexei Morozov, Shane Doan - PK : Cory Stillman
Extra Defensemen
Normal : Pavel Kubina, Matthew Spiller, Francis Bouillon - PP : Pavel Kubina - PK : Matthew Spiller, Randy Jones
Penalty Shots
Alexei Morozov, Jan Hlavac, Shane Doan, Cory Stillman, Milan Michalek
% Time on Ice - Wild
Lines # - Real PCT - Wanted PCT - Time Play
Normal Forward
1 - 35% - 40% - 14:01
2 - 30% - 30% - 11:59
3 - 20% - 20% - 8:07
4 - 15% - 10% - 6:06
Normal Defense
1 - 43% - 40% - 17:11
2 - 36% - 30% - 14:21
3 - 19% - 20% - 7:36
4 - 3% - 10% - 1:05
PP Forward
1 - 69% - 60% - 4:55
2 - 31% - 40% - 2:13
PP Defense
1 - 76% - 60% - 5:24
2 - 24% - 40% - 1:44
PK Forward
1 - 73% - 60% - 6:22
2 - 27% - 40% - 2:19
PK Defense
1 - 59% - 60% - 5:05
2 - 41% - 40% - 3:36
PK3 Forward
1 - 0% - 60%
2 - 0% - 40%
PK3 Defense
1 - 0% - 60%
2 - 0% - 40%
44 Forward
1 - 74% - 60% - 2:55
2 - 26% - 40% - 1:03
44 Defense
1 - 56% - 60% - 2:13
2 - 44% - 40% - 1:45
Last Minute Offensive - 0:00
Last Minute Defensive - 0:00
Total
Forward - 60:00
Defense - 60:00
|
% Time on Ice - Stars
Lines # - Real PCT - Wanted PCT - Time Play
Normal Forward
1 - 38% - 40% - 15:08
2 - 26% - 30% - 10:28
3 - 20% - 20% - 8:14
4 - 16% - 10% - 6:23
Normal Defense
1 - 45% - 40% - 18:05
2 - 32% - 30% - 13:03
3 - 21% - 20% - 8:21
4 - 2% - 10% - 0:44
PP Forward
1 - 59% - 60% - 5:06
2 - 41% - 40% - 3:35
PP Defense
1 - 53% - 60% - 4:38
2 - 47% - 40% - 4:03
PK Forward
1 - 72% - 60% - 5:09
2 - 28% - 40% - 1:59
PK Defense
1 - 66% - 60% - 4:41
2 - 34% - 40% - 2:27
PK3 Forward
1 - 0% - 60%
2 - 0% - 40%
PK3 Defense
1 - 0% - 60%
2 - 0% - 40%
44 Forward
1 - 71% - 60% - 2:48
2 - 29% - 40% - 1:10
44 Defense
1 - 55% - 60% - 2:12
2 - 45% - 40% - 1:46
Last Minute Offensive - 0:00
Last Minute Defensive - 0:00
Total
Forward - 60:00
Defense - 60:00
|
Play by Play
1st period
0:01 of 1st period - David Legwand wins face-off versus Chris Drury in neutral zone.
0:50 of 1st period - Snap shot by Mike Green.
0:50 of 1st period - Deflect By Rod Brind'Amour.
0:50 of 1st period - Stopped by Pascal Leclaire with a rebound.
0:52 of 1st period - Slapshot by Mike Green.
0:52 of 1st period - Deflect By Cory Stillman.
0:52 of 1st period - Stopped by Pascal Leclaire with a rebound.
0:54 of 1st period - Snap shot by Rod Brind'Amour.
0:54 of 1st period - Deflect By Anson Carter.
0:54 of 1st period - Shot Misses the Net.
0:54 of 1st period - Puck is out of play.
0:55 of 1st period - Glen Metropolit wins face-off versus Marty Reasoner in Stars zone.
1:17 of 1st period - Minor Penalty to Alexei Kovalev for Holding.
1:18 of 1st period - Chris Drury wins face-off versus David Legwand in Wild zone.
1:43 of 1st period - Mike Green is hit by Shane Doan and loses puck.
3:17 of 1st period - Penalty to Alexei Kovalev is over, Alexei Kovalev is back on ice.
3:29 of 1st period - Slapshot by Mike Green.
3:29 of 1st period - Deflect By Fredrik Modin.
3:29 of 1st period - Shot Blocked by Francis Bouillon.
3:29 of 1st period - Puck is out of play.
3:30 of 1st period - Marty Reasoner wins face-off versus Rod Brind'Amour in Stars zone.
3:55 of 1st period - Shane Doan is hit by R.J. Umberger and loses puck.
4:12 of 1st period - Michael Rupp is hit by Jozef Stumpel and loses puck.
4:19 of 1st period - Shane Hnidy is hit by Cory Stillman and loses puck.
4:59 of 1st period - Wrist shot by Chris Higgins.
4:59 of 1st period - Shot Misses the Net.
5:13 of 1st period - Snap shot by Milan Michalek.
5:13 of 1st period - Shot Blocked by Alexei Kovalev.
5:15 of 1st period - Wrist shot by Francis Bouillon.
5:15 of 1st period - Stopped by Julien Ellis with a rebound.
5:17 of 1st period - Wrist shot by Shane Doan.
5:17 of 1st period - Stopped by Julien Ellis with a rebound.
6:00 of 1st period - Wrist shot by Michael Rupp.
6:00 of 1st period - Shot Misses the Net.
6:07 of 1st period - Minor Penalty to Shane Doan for Hooking.
6:08 of 1st period - Chris Drury wins face-off versus Marty Reasoner in Stars zone.
6:09 of 1st period - Snap shot by Jozef Stumpel.
6:09 of 1st period - Stopped by Pascal Leclaire with a rebound.
6:11 of 1st period - Wrist shot by Alexei Kovalev.
6:11 of 1st period - Stopped by Pascal Leclaire without a rebound.
6:12 of 1st period - Cory Stillman wins face-off versus Alexei Kovalev in Stars zone.
6:20 of 1st period - Icing by Jozef Stumpel.
6:21 of 1st period - Marty Reasoner wins face-off versus Chris Drury in Wild zone.
6:36 of 1st period - Cory Stillman is hit by Chris Drury and loses puck.
6:43 of 1st period - Slapshot by Mike Green.
6:43 of 1st period - Stopped by Pascal Leclaire with a rebound.
6:45 of 1st period - Slapshot by Alexei Kovalev.
6:45 of 1st period - Goal by Alexei Kovalev - Wild : 1 - Stars : 0.
6:46 of 1st period - David Legwand wins face-off versus Chris Drury in neutral zone.
6:49 of 1st period - Mike Green is hit by David Legwand.
6:58 of 1st period - Minor Penalty to Alexei Kovalev for Interference.
6:59 of 1st period - Jozef Stumpel wins face-off versus David Legwand in Wild zone.
6:59 of 1st period - Jozef Stumpel is hit by Cory Stillman.
7:26 of 1st period - Icing by Patrik Elias.
7:27 of 1st period - Antoine Vermette wins face-off versus Vaclav Prospal in Stars zone.
7:38 of 1st period - Snap shot by Antoine Vermette.
7:38 of 1st period - Shot Blocked by Mark Eaton.
7:56 of 1st period - Wrist shot by David Legwand.
7:56 of 1st period - Stopped by Julien Ellis without a rebound.
7:57 of 1st period - Chris Drury wins face-off versus David Legwand in Wild zone.
8:58 of 1st period - Penalty to Alexei Kovalev is over, Alexei Kovalev is back on ice.
9:48 of 1st period - Niclas Wallin is hit by Francis Bouillon and loses puck.
9:53 of 1st period - Snap shot by Alexei Morozov.
9:53 of 1st period - Shot Misses the Net.
10:05 of 1st period - Slapshot by Chris Higgins.
10:05 of 1st period - Stopped by Pascal Leclaire without a rebound.
10:06 of 1st period - Michael Rupp wins face-off versus Rod Brind'Amour in Stars zone.
10:26 of 1st period - Icing by Shane Hnidy.
10:27 of 1st period - Rod Brind'Amour wins face-off versus David Legwand in Wild zone.
11:17 of 1st period - Slapshot by Michael Rupp.
11:17 of 1st period - Shot Blocked by Mark Eaton.
11:19 of 1st period - Snap shot by Brian Pothier.
11:19 of 1st period - Stopped by Julien Ellis without a rebound.
11:20 of 1st period - Chris Drury wins face-off versus David Legwand in Wild zone.
11:20 of 1st period - Chris Drury is hit by David Legwand.
11:27 of 1st period - Minor Penalty to Brian Pothier for Hooking.
11:27 of 1st period - Minor Penalty to Jozef Stumpel for Roughing.
11:28 of 1st period - Chris Drury wins face-off versus David Legwand in Stars zone.
11:33 of 1st period - Snap shot by Mike Green.
11:33 of 1st period - Shot Blocked by David Legwand.
11:35 of 1st period - Wrist shot by Nathan Dempsey.
11:35 of 1st period - Deflect By Chris Drury.
11:35 of 1st period - Shot Blocked by Alexei Morozov.
11:35 of 1st period - Puck is out of play.
11:36 of 1st period - Chris Drury wins face-off versus David Legwand in Stars zone.
12:16 of 1st period - Wrist shot by Shane Doan.
12:16 of 1st period - Stopped by Julien Ellis without a rebound.
12:17 of 1st period - Chris Drury wins face-off versus David Legwand in Wild zone.
12:35 of 1st period - Icing by Mike Green.
12:36 of 1st period - David Legwand wins face-off versus Chris Higgins in Wild zone.
12:52 of 1st period - Mike Green is hit by David Legwand and loses puck.
13:07 of 1st period - Slapshot by Mike Green.
13:07 of 1st period - Deflect By Vaclav Prospal.
13:07 of 1st period - Shot Misses the Net.
13:07 of 1st period - Puck is out of play.
13:08 of 1st period - Vaclav Prospal wins face-off versus David Legwand in Stars zone.
13:17 of 1st period - Wrist shot by Vaclav Prospal.
13:17 of 1st period - Deflect By Alexei Kovalev.
13:17 of 1st period - Shot Misses the Net.
13:17 of 1st period - Puck is out of play.
13:18 of 1st period - David Legwand wins face-off versus Chris Drury in Stars zone.
13:18 of 1st period - David Legwand is hit by Mark Eaton.
13:27 of 1st period - Penalty to Brian Pothier is over, Brian Pothier is back on ice.
13:27 of 1st period - Penalty to Jozef Stumpel is over, Jozef Stumpel is back on ice.
13:36 of 1st period - Snap shot by Michael Rupp.
13:36 of 1st period - Shot Misses the Net.
13:38 of 1st period - Slapshot by Brendan Bell.
13:38 of 1st period - Shot Blocked by Mark Eaton.
13:40 of 1st period - Snap shot by Cory Stillman.
13:40 of 1st period - Shot Misses the Net.
13:42 of 1st period - Wrist shot by Cory Stillman.
13:42 of 1st period - Shot Blocked by Mark Eaton.
13:44 of 1st period - Snap shot by Brendan Bell.
13:44 of 1st period - Shot Misses the Net.
13:58 of 1st period - Snap shot by Antoine Vermette.
13:58 of 1st period - Shot Blocked by Mark Eaton.
14:00 of 1st period - Slapshot by Matthew Spiller.
14:00 of 1st period - Shot Misses the Net.
14:02 of 1st period - Snap shot by Antoine Vermette.
14:02 of 1st period - Shot Misses the Net.
14:04 of 1st period - Slapshot by Matthew Spiller.
14:04 of 1st period - Stopped by Julien Ellis with a rebound.
14:22 of 1st period - Wrist shot by R.J. Umberger.
14:22 of 1st period - Shot Misses the Net.
14:24 of 1st period - Wrist shot by R.J. Umberger.
14:24 of 1st period - Stopped by Pascal Leclaire without a rebound.
14:25 of 1st period - Antoine Vermette wins face-off versus Vaclav Prospal in Stars zone.
15:14 of 1st period - Wrist shot by Cory Stillman.
15:14 of 1st period - Stopped by Julien Ellis without a rebound.
15:15 of 1st period - Michael Rupp wins face-off versus Chris Drury in Wild zone.
15:40 of 1st period - Alexei Morozov is hit by R.J. Umberger and loses puck.
16:09 of 1st period - Mark Eaton is hit by Milan Michalek and loses puck.
17:20 of 1st period - Minor Penalty to Nathan Dempsey for Hooking.
17:21 of 1st period - Chris Drury wins face-off versus David Legwand in Wild zone.
18:45 of 1st period - Slapshot by Anson Carter.
18:45 of 1st period - Stopped by Pascal Leclaire with a rebound.
19:20 of 1st period - Penalty to Nathan Dempsey is over, Nathan Dempsey is back on ice.
19:21 of 1st period - Chris Higgins is hit by Jan Hlavac and loses puck.
19:32 of 1st period - Brian Pothier is hit by Mike Green.
19:42 of 1st period - Backhand shot by Anson Carter.
19:42 of 1st period - Stopped by Pascal Leclaire without a rebound.
19:43 of 1st period - Vaclav Prospal wins face-off versus Scott Walker in Stars zone.
2nd period
0:01 of 2nd period - David Legwand wins face-off versus Chris Drury in neutral zone.
0:34 of 2nd period - Slapshot by Rod Brind'Amour.
0:34 of 2nd period - Stopped by Pascal Leclaire without a rebound.
0:35 of 2nd period - Rod Brind'Amour wins face-off versus Shane Doan in Stars zone.
1:00 of 2nd period - Icing by Anson Carter.
1:01 of 2nd period - Rod Brind'Amour wins face-off versus Michael Rupp in Wild zone.
1:12 of 2nd period - Backhand shot by Michael Rupp.
1:12 of 2nd period - Shot Blocked by Niclas Wallin.
1:23 of 2nd period - Icing by Jozef Stumpel.
1:24 of 2nd period - David Legwand wins face-off versus Vaclav Prospal in Wild zone.
1:27 of 2nd period - Snap shot by Alexei Morozov.
1:27 of 2nd period - Stopped by Julien Ellis without a rebound.
1:28 of 2nd period - David Legwand wins face-off versus Brian Rolston in Wild zone.
1:31 of 2nd period - Snap shot by Alexei Morozov.
1:31 of 2nd period - Goal by Alexei Morozov - Wild : 1 - Stars : 1.
1:32 of 2nd period - David Legwand wins face-off versus Chris Drury in neutral zone.
1:58 of 2nd period - Nathan Dempsey is hit by Shane Doan and loses puck.
2:17 of 2nd period - Snap shot by Pavel Kubina.
2:17 of 2nd period - Shot Misses the Net.
2:19 of 2nd period - Slapshot by Matthew Spiller.
2:19 of 2nd period - Stopped by Julien Ellis with a rebound.
2:21 of 2nd period - Slapshot by Matthew Spiller.
2:21 of 2nd period - Shot Blocked by Willie Mitchell.
2:23 of 2nd period - Slapshot by Pavel Kubina.
2:23 of 2nd period - Shot Misses the Net.
2:25 of 2nd period - Slapshot by Pavel Kubina.
2:25 of 2nd period - Stopped by Julien Ellis with a rebound.
2:27 of 2nd period - Snap shot by Michael Rupp.
2:27 of 2nd period - Shot Misses the Net.
2:37 of 2nd period - Wrist shot by Marty Reasoner.
2:37 of 2nd period - Stopped by Julien Ellis with a rebound.
3:30 of 2nd period - Icing by Nathan Dempsey.
3:31 of 2nd period - Vaclav Prospal wins face-off versus David Legwand in Wild zone.
4:20 of 2nd period - Slapshot by Mike Green.
4:20 of 2nd period - Deflect By Alexei Morozov.
4:20 of 2nd period - Stopped by Pascal Leclaire with a rebound.
4:22 of 2nd period - Wrist shot by Vaclav Prospal.
4:22 of 2nd period - Shot Blocked by David Legwand.
4:24 of 2nd period - Wrist shot by Vaclav Prospal.
4:24 of 2nd period - Shot Misses the Net.
4:26 of 2nd period - Snap shot by R.J. Umberger.
4:26 of 2nd period - Stopped by Pascal Leclaire with a rebound.
4:35 of 2nd period - Minor Penalty to Patrik Elias for Roughing.
4:35 of 2nd period - Minor Penalty to R.J. Umberger for Slashing.
4:36 of 2nd period - David Legwand wins face-off versus Chris Drury in Stars zone.
5:27 of 2nd period - Wrist shot by Antoine Vermette.
5:27 of 2nd period - Deflect By Cory Stillman.
5:27 of 2nd period - Stopped by Julien Ellis without a rebound.
5:28 of 2nd period - Antoine Vermette wins face-off versus Chris Drury in Wild zone.
5:29 of 2nd period - Wrist shot by Cory Stillman.
5:29 of 2nd period - Shot Blocked by Nathan Dempsey.
6:28 of 2nd period - Antoine Vermette is hit by Vaclav Prospal and loses puck.
6:35 of 2nd period - Penalty to Patrik Elias is over, Patrik Elias is back on ice.
6:35 of 2nd period - Penalty to R.J. Umberger is over, R.J. Umberger is back on ice.
6:53 of 2nd period - Wrist shot by Chris Higgins.
6:53 of 2nd period - Stopped by Pascal Leclaire with a rebound.
7:23 of 2nd period - Wrist shot by Chris Higgins.
7:23 of 2nd period - Stopped by Pascal Leclaire without a rebound.
7:24 of 2nd period - Glen Metropolit wins face-off versus Marty Reasoner in Stars zone.
7:35 of 2nd period - Snap shot by Jan Hlavac.
7:35 of 2nd period - Stopped by Julien Ellis with a rebound.
7:37 of 2nd period - Snap shot by Marty Reasoner.
7:37 of 2nd period - Shot Misses the Net.
7:39 of 2nd period - Slapshot by Matthew Spiller.
7:39 of 2nd period - Deflect By Jan Hlavac.
7:39 of 2nd period - Shot Misses the Net.
7:39 of 2nd period - Puck is out of play.
7:40 of 2nd period - David Legwand wins face-off versus Chris Drury in Wild zone.
7:53 of 2nd period - Snap shot by Alexei Kovalev.
7:53 of 2nd period - Stopped by Pascal Leclaire with a rebound.
7:55 of 2nd period - Snap shot by Chris Drury.
7:55 of 2nd period - Stopped by Pascal Leclaire without a rebound.
7:56 of 2nd period - Vaclav Prospal wins face-off versus Michael Rupp in Stars zone.
8:05 of 2nd period - Wrist shot by R.J. Umberger.
8:05 of 2nd period - Stopped by Pascal Leclaire with a rebound.
8:23 of 2nd period - Slapshot by Chris Higgins.
8:23 of 2nd period - Stopped by Pascal Leclaire with a rebound.
8:25 of 2nd period - Snap shot by Rod Brind'Amour.
8:25 of 2nd period - Stopped by Pascal Leclaire with a rebound.
9:09 of 2nd period - Snap shot by Brian Rolston.
9:09 of 2nd period - Stopped by Pascal Leclaire without a rebound.
9:10 of 2nd period - Antoine Vermette wins face-off versus Vaclav Prospal in Stars zone.
9:15 of 2nd period - R.J. Umberger is hit by Shane Doan and loses puck.
9:35 of 2nd period - David Legwand is hit by Brian Rolston and loses puck.
9:40 of 2nd period - Wrist shot by Vaclav Prospal.
9:40 of 2nd period - Deflect By David Legwand.
9:40 of 2nd period - Stopped by Pascal Leclaire without a rebound.
9:41 of 2nd period - David Legwand wins face-off versus Chris Drury in Stars zone.
9:41 of 2nd period - David Legwand is hit by Jozef Stumpel.
10:07 of 2nd period - Niclas Wallin is hit by Brendan Bell and loses puck.
11:09 of 2nd period - Icing by Mike Green.
11:10 of 2nd period - Antoine Vermette wins face-off versus Glen Metropolit in Wild zone.
11:23 of 2nd period - Snap shot by Nathan Dempsey.
11:23 of 2nd period - Shot Blocked by Brian Pothier.
11:25 of 2nd period - Snap shot by Fredrik Modin.
11:25 of 2nd period - Shot Misses the Net.
11:27 of 2nd period - Slapshot by Mike Green.
11:27 of 2nd period - Shot Blocked by Francis Bouillon.
11:29 of 2nd period - Slapshot by Nathan Dempsey.
11:29 of 2nd period - Shot Blocked by Brian Pothier.
11:30 of 2nd period - Minor Penalty to Antoine Vermette for Tripping.
11:31 of 2nd period - Chris Drury wins face-off versus Marty Reasoner in Stars zone.
11:40 of 2nd period - Snap shot by Alexei Kovalev.
11:40 of 2nd period - Stopped by Pascal Leclaire without a rebound.
11:41 of 2nd period - Chris Drury wins face-off versus Marty Reasoner in Stars zone.
12:20 of 2nd period - Snap shot by Jozef Stumpel.
12:20 of 2nd period - Shot Misses the Net.
12:59 of 2nd period - Snap shot by Mike Green.
12:59 of 2nd period - Deflect By Alexei Kovalev.
12:59 of 2nd period - Stopped by Pascal Leclaire without a rebound.
13:00 of 2nd period - Marty Reasoner wins face-off versus Vaclav Prospal in Stars zone.
13:30 of 2nd period - Penalty to Antoine Vermette is over, Antoine Vermette is back on ice.
13:38 of 2nd period - Off-side.
13:39 of 2nd period - Alexei Morozov wins face-off versus Chris Higgins in neutral zone.
13:55 of 2nd period - Minor Penalty to Brian Pothier for Holding.
13:56 of 2nd period - Vaclav Prospal wins face-off versus Marty Reasoner in Stars zone.
13:57 of 2nd period - Wrist shot by Brian Rolston.
13:57 of 2nd period - Stopped by Pascal Leclaire with a rebound.
13:59 of 2nd period - Snap shot by R.J. Umberger.
13:59 of 2nd period - Deflect By Vaclav Prospal.
13:59 of 2nd period - Goal by Vaclav Prospal - Wild : 2 - Stars : 1.
14:00 of 2nd period - Antoine Vermette wins face-off versus Chris Drury in neutral zone.
14:09 of 2nd period - Wrist shot by Milan Michalek.
14:09 of 2nd period - Stopped by Julien Ellis with a rebound.
14:11 of 2nd period - Slapshot by Pavel Kubina.
14:11 of 2nd period - Stopped by Julien Ellis without a rebound.
14:12 of 2nd period - Chris Drury wins face-off versus David Legwand in Wild zone.
14:12 of 2nd period - Chris Drury is hit by Pavel Kubina.
14:21 of 2nd period - Off-side.
14:22 of 2nd period - Chris Drury wins face-off versus David Legwand in neutral zone.
14:49 of 2nd period - Snap shot by Alexei Morozov.
14:49 of 2nd period - Shot Misses the Net.
14:51 of 2nd period - Slapshot by Patrik Elias.
14:51 of 2nd period - Goal by Patrik Elias - Wild : 2 - Stars : 2.
14:52 of 2nd period - Antoine Vermette wins face-off versus Chris Drury in neutral zone.
15:00 of 2nd period - Slapshot by Mike Green.
15:00 of 2nd period - Stopped by Pascal Leclaire with a rebound.
15:18 of 2nd period - Brian Rolston is hit by David Legwand and loses puck.
15:23 of 2nd period - Wrist shot by Patrik Elias.
15:23 of 2nd period - Stopped by Julien Ellis with a rebound.
15:40 of 2nd period - Minor Penalty to Michael Rupp for High sticking.
15:41 of 2nd period - Cory Stillman wins face-off versus Chris Drury in Stars zone.
16:42 of 2nd period - Antoine Vermette is hit by Vaclav Prospal and loses puck.
17:40 of 2nd period - Penalty to Michael Rupp is over, Michael Rupp is back on ice.
18:29 of 2nd period - Scott Walker is hit by Rod Brind'Amour and loses puck.
18:30 of 2nd period - Scott Walker from Stars is injured at 18:30 of 2nd period (Broken Right Foot Toe).
18:31 of 2nd period - Chris Drury wins face-off versus Antoine Vermette in Stars zone.
18:35 of 2nd period - Minor Penalty to Jozef Stumpel for Tripping.
18:36 of 2nd period - David Legwand wins face-off versus Chris Drury in Wild zone.
3rd period
0:01 of 3rd period - Chris Drury wins face-off versus David Legwand in neutral zone.
0:35 of 3rd period - Penalty to Jozef Stumpel is over, Jozef Stumpel is back on ice.
0:36 of 3rd period - Snap shot by Patrik Elias.
0:36 of 3rd period - Shot Misses the Net.
0:54 of 3rd period - Snap shot by Jan Hlavac.
0:54 of 3rd period - Shot Misses the Net.
0:56 of 3rd period - Slapshot by Brian Pothier.
0:56 of 3rd period - Shot Misses the Net.
0:58 of 3rd period - Snap shot by Alexei Morozov.
0:58 of 3rd period - Shot Blocked by Vaclav Prospal.
1:12 of 3rd period - Slapshot by Mike Green.
1:12 of 3rd period - Stopped by Pascal Leclaire with a rebound.
1:14 of 3rd period - Slapshot by Glen Metropolit.
1:14 of 3rd period - Goal by Glen Metropolit - Wild : 3 - Stars : 2.
1:15 of 3rd period - Patrik Elias wins face-off versus Vaclav Prospal in neutral zone.
1:15 of 3rd period - Patrik Elias is hit by Vaclav Prospal.
1:21 of 3rd period - Wrist shot by Alexei Morozov.
1:21 of 3rd period - Shot Blocked by R.J. Umberger.
1:23 of 3rd period - Slapshot by Matthew Spiller.
1:23 of 3rd period - Goal by Matthew Spiller - Wild : 3 - Stars : 3.
1:24 of 3rd period - Chris Drury wins face-off versus David Legwand in neutral zone.
1:32 of 3rd period - Nathan Dempsey beats up David Legwand.
1:32 of 3rd period - Penalty to David Legwand for Fighting.
1:32 of 3rd period - Penalty to Nathan Dempsey for Fighting.
1:33 of 3rd period - Chris Drury wins face-off versus Antoine Vermette in Wild zone.
1:55 of 3rd period - Minor Penalty to Antoine Vermette for Hooking.
1:56 of 3rd period - Chris Drury wins face-off versus Marty Reasoner in Stars zone.
2:40 of 3rd period - Snap shot by Alexei Kovalev.
2:40 of 3rd period - Stopped by Pascal Leclaire with a rebound.
2:42 of 3rd period - Wrist shot by Shane Hnidy.
2:42 of 3rd period - Wild goal is going for a video replay.
2:42 of 3rd period - The goal is good.
2:42 of 3rd period - Goal by Shane Hnidy - Wild : 4 - Stars : 3.
2:43 of 3rd period - Brian Rolston wins face-off versus Shane Doan in neutral zone.
2:53 of 3rd period - Patrik Elias is hit by R.J. Umberger and loses puck.
3:08 of 3rd period - Chris Higgins is hit by Marty Reasoner and loses puck.
3:15 of 3rd period - Slapshot by Chris Higgins.
3:15 of 3rd period - Stopped by Pascal Leclaire without a rebound.
3:16 of 3rd period - Chris Drury wins face-off versus Shane Doan in Stars zone.
4:10 of 3rd period - Minor Penalty to Shane Hnidy for Hooking.
4:11 of 3rd period - Antoine Vermette wins face-off versus Chris Drury in Wild zone.
4:27 of 3rd period - Icing by Cory Stillman.
4:28 of 3rd period - Antoine Vermette wins face-off versus Chris Drury in Stars zone.
4:55 of 3rd period - Snap shot by Cory Stillman.
4:55 of 3rd period - Goal by Cory Stillman - Wild : 4 - Stars : 4.
4:56 of 3rd period - Chris Drury wins face-off versus Antoine Vermette in neutral zone.
5:23 of 3rd period - Patrik Elias is hit by Vaclav Prospal and loses puck.
5:43 of 3rd period - Icing by Michael Rupp.
5:44 of 3rd period - Rod Brind'Amour wins face-off versus Michael Rupp in Stars zone.
5:57 of 3rd period - Wrist shot by Cory Stillman.
5:57 of 3rd period - Stopped by Julien Ellis with a rebound.
6:46 of 3rd period - Snap shot by Fredrik Modin.
6:46 of 3rd period - Stopped by Pascal Leclaire without a rebound.
6:47 of 3rd period - Michael Rupp wins face-off versus Glen Metropolit in Stars zone.
6:47 of 3rd period - Michael Rupp is hit by Niclas Wallin.
7:01 of 3rd period - Snap shot by Glen Metropolit.
7:01 of 3rd period - Deflect By Fredrik Modin.
7:01 of 3rd period - Stopped by Pascal Leclaire with a rebound.
7:03 of 3rd period - Slapshot by Glen Metropolit.
7:03 of 3rd period - Goal by Glen Metropolit - Wild : 5 - Stars : 4.
7:04 of 3rd period - Chris Drury wins face-off versus Antoine Vermette in neutral zone.
7:11 of 3rd period - Slapshot by Shane Doan.
7:11 of 3rd period - Shot Blocked by Mike Green.
8:16 of 3rd period - Slapshot by Niclas Wallin.
8:16 of 3rd period - Stopped by Pascal Leclaire without a rebound.
8:17 of 3rd period - Brian Gionta wins face-off versus Rod Brind'Amour in Stars zone.
8:19 of 3rd period - Icing by Cory Stillman.
8:20 of 3rd period - Chris Drury wins face-off versus Michael Rupp in Stars zone.
8:25 of 3rd period - Snap shot by Alexei Kovalev.
8:25 of 3rd period - Stopped by Pascal Leclaire with a rebound.
8:31 of 3rd period - Snap shot by Alexei Kovalev.
8:31 of 3rd period - Stopped by Pascal Leclaire without a rebound.
8:32 of 3rd period - Antoine Vermette wins face-off versus Chris Drury in Stars zone.
8:59 of 3rd period - Brian Rolston is hit by Pavel Kubina and loses puck.
9:08 of 3rd period - Snap shot by Alexei Morozov.
9:08 of 3rd period - Shot Misses the Net.
9:26 of 3rd period - Wrist shot by Vaclav Prospal.
9:26 of 3rd period - Shot Blocked by Jan Hlavac.
9:28 of 3rd period - Backhand shot by Niclas Wallin.
9:28 of 3rd period - Shot Misses the Net.
9:30 of 3rd period - Slapshot by Niclas Wallin.
9:30 of 3rd period - Shot Blocked by Shane Doan.
9:32 of 3rd period - Slapshot by Mark Eaton.
9:32 of 3rd period - Deflect By Brian Rolston.
9:32 of 3rd period - Stopped by Pascal Leclaire without a rebound.
9:33 of 3rd period - David Legwand wins face-off versus Jozef Stumpel in Stars zone.
10:10 of 3rd period - Off-side.
10:11 of 3rd period - Chris Drury wins face-off versus Antoine Vermette in neutral zone.
10:54 of 3rd period - Slapshot by Jozef Stumpel.
10:54 of 3rd period - Shot Blocked by Francis Bouillon.
10:56 of 3rd period - Slapshot by Mike Green.
10:56 of 3rd period - Deflect By Alexei Kovalev.
10:56 of 3rd period - Shot Misses the Net.
10:56 of 3rd period - Puck is out of play.
10:57 of 3rd period - David Legwand wins face-off versus Vaclav Prospal in Stars zone.
11:02 of 3rd period - Wrist shot by Alexei Morozov.
11:02 of 3rd period - Shot Misses the Net.
12:35 of 3rd period - Wrist shot by Chris Drury.
12:35 of 3rd period - Deflect By Alexei Kovalev.
12:35 of 3rd period - Stopped by Pascal Leclaire without a rebound.
12:36 of 3rd period - Vaclav Prospal wins face-off versus Michael Rupp in Stars zone.
13:01 of 3rd period - Shane Doan is hit by Mike Green.
13:09 of 3rd period - Snap shot by Shane Doan.
13:09 of 3rd period - Shot Misses the Net.
13:30 of 3rd period - Off-side.
13:31 of 3rd period - Chris Drury wins face-off versus Antoine Vermette in neutral zone.
13:42 of 3rd period - Slapshot by Pavel Kubina.
13:42 of 3rd period - Deflect By Antoine Vermette.
13:42 of 3rd period - Stopped by Julien Ellis with a rebound.
13:55 of 3rd period - Jozef Stumpel is hit by Milan Michalek and loses puck.
14:16 of 3rd period - Wrist shot by Antoine Vermette.
14:16 of 3rd period - Shot Misses the Net.
14:18 of 3rd period - Snap shot by Antoine Vermette.
14:18 of 3rd period - Shot Blocked by Willie Mitchell.
14:20 of 3rd period - Slapshot by Shane Doan.
14:20 of 3rd period - Stopped by Julien Ellis with a rebound.
14:22 of 3rd period - Wrist shot by Shane Doan.
14:22 of 3rd period - Stopped by Julien Ellis with a rebound.
14:24 of 3rd period - Snap shot by Milan Michalek.
14:24 of 3rd period - Stopped by Julien Ellis with a rebound.
14:26 of 3rd period - Wrist shot by Antoine Vermette.
14:26 of 3rd period - Deflect By Shane Doan.
14:26 of 3rd period - Stopped by Julien Ellis with a rebound.
14:34 of 3rd period - Wrist shot by Milan Michalek.
14:34 of 3rd period - Shot Blocked by Jozef Stumpel.
14:36 of 3rd period - Snap shot by Pavel Kubina.
14:36 of 3rd period - Stopped by Julien Ellis without a rebound.
14:37 of 3rd period - Vaclav Prospal wins face-off versus David Legwand in Wild zone.
14:52 of 3rd period - Slapshot by R.J. Umberger.
14:52 of 3rd period - Shot Blocked by David Legwand.
15:21 of 3rd period - Wrist shot by Fredrik Modin.
15:21 of 3rd period - Shot Misses the Net.
16:16 of 3rd period - Brian Gionta is hit by Anson Carter and loses puck.
16:28 of 3rd period - Pavel Kubina is hit by Willie Mitchell and loses puck.
16:47 of 3rd period - Brian Pothier is hit by Alexei Kovalev and loses puck.
18:01 of 3rd period - Slapshot by Jan Hlavac.
18:01 of 3rd period - Stopped by Julien Ellis with a rebound.
18:03 of 3rd period - Snap shot by Jan Hlavac.
18:03 of 3rd period - Stopped by Julien Ellis with a rebound.
18:05 of 3rd period - Slapshot by Brian Gionta.
18:05 of 3rd period - Stopped by Julien Ellis with a rebound.
18:18 of 3rd period - Minor Penalty to Patrik Elias for Hooking.
18:19 of 3rd period - Chris Drury wins face-off versus Marty Reasoner in Stars zone.
19:49 of 3rd period - R.J. Umberger is hit by Antoine Vermette and loses puck.
Output by the SimonT Hockey Simulator (STHS) for François Prévost -- Original Page W3C XHTML 1.0 Valid